 Dungeon Crawl Stone Soup version 0.23.2-40-g277498a001 (webtiles) character file.

Game seed: 15712080165457594781

21 DenSaoPin the Ruffian (level 2, 0/27 HPs)
             Began as an Ogre Transmuter on Oct 10, 2019.
             Succumbed to a goblin's poison
             ... on level 2 of the Dungeon.
             The game lasted 00:01:54 (1039 turns).

DenSaoPin the Ruffian (Ogre Transmuter)             Turns: 1039, Time: 00:01:54

Health: 0/27       AC:  3    Str: 13    XL:     2   Next: 87%
Magic:  5/5        EV: 10    Int: 14    God:
Gold:   53         SH:  0    Dex:  9    Spells: 5/6 levels left

rFire    . . .     SeeInvis .     - Unarmed
rCold    . . .     Gourm    .   (no shield)
rNeg     . . .     Faith    .   b - +0 robe
rPois    .         Spirit   .   (helmet restricted)
rElec    .         Reflect  .   (no cloak)
rCorr    .         Harm     .   (gloves unavailable)
MR       .....                  (boots unavailable)
Stlth    +.........             (no amulet)
HPRegen  0.09/turn              (no ring)
MPRegen  0.09/turn              (no ring)

@: lethally poisoned (0 -> -10)
A: large, unfitting armour, tough skin 1
a: no special abilities


You were on level 2 of the Dungeon.
You were not hungry.

You visited 1 branch of the dungeon, and saw 2 of its levels.

You collected 53 gold pieces.

Inventory:

Missiles
 a - 27 arrows
Armour
 b - a +0 robe (worn)
Scrolls
 c - a scroll of fear {unknown}
 e - a scroll of remove curse {unknown}
 g - a scroll of identify {unknown}
 j - a scroll of blinking {unknown}
Potions
 f - a potion of lignification {unknown}
 h - a potion of agility {unknown}
 i - a potion of degeneration {unknown}
 k - a potion of heal wounds {unknown}
Comestibles
 d - 2 rations


   Skills:
 + Level 1.4 Fighting
 + Level 2.1 Dodging
 + Level 0.1 Stealth
 + Level 3.2 Unarmed Combat
 + Level 2.6 Spellcasting
 + Level 1.9 Transmutations


You had 5 spell levels left.
You knew the following spells:

 Your Spells              Type           Power        Failure   Level  Hunger
a - Beastly Appendage     Tmut           #.....       11%         1    #......

Your spell library contained the following spells:

 Spells                   Type           Power        Failure   Level  Hunger
 Sticks to Snakes         Tmut           #.......     16%         2    ###....
 Spider Form              Tmut/Pois      #.........   41%         3    ###....
 Ice Form                 Ice/Tmut       #.......     83%         4    #####..
 Blade Hands              Tmut           #.........   96%         5    ######.


Dungeon Overview and Level Annotations

Branches:
Dungeon (2/15)

Altars:


Innate Abilities, Weirdness & Mutations

You are too large for most types of armour.
You have tough skin. (AC +1)


Message History

* * * LOW HITPOINT WARNING * * *
A goblin and a kobold come into view.
* * * LOW HITPOINT WARNING * * *
You feel sick.
The goblin shouts!
The kobold shouts!
The kobold throws a stone.
The stone hits you but does no damage. The hound bites you.
* * * LOW HITPOINT WARNING * * *
Found 5 gold pieces.
You see here a stone.
* * * LOW HITPOINT WARNING * * *
You feel sick.
The kobold throws a stone.
The stone barely misses you. The hound closely misses you.
The giant cockroach bites you but does no damage.
Found a scroll labeled YPTOM ZEVE.
You see here a stone.
* * * LOW HITPOINT WARNING * * *
You feel sick.
A bat comes into view.
You die...

.......
........#
....?.b..#
.........#
........########
................
#g.........$..
#.....@.......
#.......######
####...sh..#####
.K.....(........
####....)..#####
.....###........
####.###.#######
#........#
#........##


You could see a hound, a giant cockroach, a goblin and a bat.

Vanquished Creatures
  A dart slug (D:1)
  A giant cockroach (D:1)
  5 goblins
  4 hobgoblins (D:1)
  3 bats (D:1)
  A frilled lizard (D:1)
  A kobold (D:1)
  2 rats (D:1)
18 creatures vanquished.

Notes
Turn   | Place    | Note
-------+----------+-------------------------------------------
     0 | D:1      | DenSaoPin the Ogre Transmuter began the quest for the Orb.
     0 | D:1      | Reached XP level 1. HP: 19/19 MP: 3/3
   320 | D:1      | Reached skill level 3 in Unarmed Combat
   330 | D:1      | Reached XP level 2. HP: 22/27 MP: 5/5
  1038 | D:2      | HP: 1/27 [poisoned by a goblin]
  1039 | D:2      | Succumbed to a goblin's poison

Skill      XL: |  1  2 |
---------------+-------+-----
Unarmed Combat | 3 |  3.2
Dodging        | 2 |  2.1
Fighting       | |  1.4
Stealth        | |  0.1
Spellcasting   | |  2.6
Transmutations | |  1.9

Action                   || total
-------------------------++-------
Melee: Unarmed           ||    70
       Kick              ||     2
 Cast: Beastly Appendage ||     1
 Stab: Sleeping          ||     2
Armor: Robe              ||    22
Dodge: Dodged            ||    31
